 Dungeon Crawl Stone Soup version 0.29.1-2-gbd0b4ee654 (webtiles) character file.

Game seed: 12582310683837651059

203 Icepheonix32 the Changer (level 5, -1/33 HPs)
             Began as an Octopode Transmuter on Nov 18, 2022.
             Slain by Pargi (4 damage)
             ... in a sewer.
             The game lasted 00:05:26 (2536 turns).

Icepheonix32 the Changer (Octopode Transmuter)      Turns: 2536, Time: 00:05:26

Health: -1/33      AC:  1    Str:  9    XL:     5   Next: 81%
Magic:  0/8        EV: 13    Int: 21    God:
Gold:   143        SH:  0    Dex: 15    Spells: 2/8 levels left

rFire   . . .      SeeInvis .   l - +3 short sword
rCold   . . .      Faith    .   (no shield)
rNeg    . . .      Spirit   +   (helmet restricted)
rPois   +          Reflect  .   j - amulet of guardian spirit
rElec   .          Harm     .   f - +6 ring of intelligence
rCorr   .          Rampage  .   n - ring of poison resistance
Will    .....                   (no ring)
Stlth   ++........              (no ring)
HPRegen 0.11/turn               (no ring)
MPRegen 0.11/turn               (no ring)
                                (no ring)
                                (no ring)

@: hasted, very quick
A: almost no armour, amphibious, 8 rings, camouflage 1, gelatinous body 1,
(nimble swimmer 1), tentacles
a: no special abilities


You were in a sewer.
You visited 1 branch of the dungeon, and saw 3 of its levels.
You also visited: Sewer.

You collected 143 gold pieces.

Inventory:

Hand Weapons
 l - a +3 short sword (weapon)
 m - a +1 vampiric dagger
Jewellery
 f - a +6 ring of intelligence (left tentacle)
 j - an amulet of guardian spirit (around mantle)
 n - a ring of poison resistance (right tentacle)
Wands
 q - a wand of polymorph (2)
Scrolls
 b - a scroll of summoning {unknown}
 c - a scroll of torment
 d - a scroll of fear {unknown}
 k - a scroll of enchant weapon {unknown}
 o - a scroll of blinking {unknown}
 r - a scroll of immolation {unknown}
 s - a scroll of identify
Potions
 e - a potion of invisibility {unknown}
 g - a potion of cancellation
 h - a potion of might
 i - a potion of haste
 p - a potion of brilliance {unknown}


   Skills:
 - Level 1.0 Fighting
 - Level 2.0 Dodging
 - Level 3.0 Unarmed Combat
 - Level 2.0 Spellcasting
 + Level 5.8 Transmutations


You had 2 spell levels left.
You knew the following spells:

 Your Spells              Type           Power      Damage    Failure   Level
a - Beastly Appendage     Tmut           52%        N/A       1%          1
b - Spider Form           Tmut/Pois      14%        N/A       13%         3
c - Wereblood             Tmut           26%        N/A       1%          2

Your spell library contained the following spells:

 Spells                   Type           Power      Damage    Failure   Level
 Ice Form                 Ice/Tmut       14%        N/A       41%         4


Dungeon Overview and Level Annotations

Branches:
Dungeon (3/15)              Sewer (1/1)

Altars:

Shops:
D:2 [[[(

Annotations:
D:2 1 runed translucent door, Crazy Yiuf Sewer Pargi


Innate Abilities, Weirdness & Mutations

You cannot wear most types of armour.
You are amphibious.
You can wear up to eight rings at the same time.
Your skin changes colour to match your surroundings (Stealth+).
Your rubbery body absorbs attacks. (AC +1, EV +1)
((You are camouflaged when in or above water. (Stealth+)))
You have tentacles for arms and can constrict up to eight enemies at once.


Message History

Pargi bites you but does no damage. Pargi claws you.
Pargi claws you but does no damage.
You hit Pargi.
Pargi is severely wounded.
Pargi bites you. Pargi claws you but does no damage. x2
You barely miss Pargi.
Pargi is severely wounded.
Pargi bites you but does no damage. Pargi claws you but does no damage. x2
You barely miss Pargi.
Pargi is severely wounded.
Pargi bites you but does no damage. Pargi claws you.
Pargi claws you but does no damage.
You hit Pargi.
Pargi is severely wounded.
Pargi bites you but does no damage. Pargi claws you but does no damage. x2
Pargi bites you but does no damage. Pargi claws you but does no damage. x2
You closely miss Pargi.
Pargi is severely wounded.
Pargi barely misses you. Pargi claws you but does no damage.
Pargi completely misses you.
You barely miss Pargi.
Pargi is severely wounded.
Pargi bites you. Pargi claws you but does no damage. Pargi barely misses you.
You barely miss Pargi.
Pargi is severely wounded.
You feel less wooden. Pargi barely misses you. Pargi misses you.
Pargi claws you.
You completely miss Pargi.
Pargi is severely wounded.
Pargi hisses, "I bite!"
Pargi bites you.
* * * LOW HITPOINT WARNING * * *
Pargi claws you.
* * * LOW HITPOINT WARNING * * *
Pargi closely misses you.
Okay, then.
Okay, then.
It was a potion of haste.
You feel yourself speed up. Pargi closely misses you.
Pargi completely misses you. Pargi claws you.
You die...

###### ############ #.##(#
#.##.##.##.# #.##.#
#.##)##†##.#
#'##'##+##'##'##'##'#
#######...................###
~~~~~~#~~~~~~~~~.~~~~~~~~~#~~
≈≈≈≈≈≈#≈≈≈≈≈≈≈≈≈∩≈≈≈≈≈≈≈≈≈#≈≈
~~~~~~#~~~~~~~~~.~~~~~~~~~#~~
#######.....@T............###
#'##'##'##.##)##'##'#
#)##.##.##.##.##.##)#
#.##.##.##∩##.##.##.#
#####################


You could see Pargi.

Vanquished Creatures
  A kobold brigand (Sewer)
  Terence (D:2)
  5 adders
  A worm (D:2)
  5 orcs (D:3)
  2 endoplasms
  3 giant cockroaches
  6 goblins
  2 hobgoblins
  5 quokkas
  3 ball pythons
  3 bats
  4 frilled lizards
  7 kobolds
  6 rats
54 creatures vanquished.

Notes
Turn   | Place    | Note
-------+----------+-------------------------------------------
     0 | D:1      | Icepheonix32 the Octopode Transmuter began the quest for
                  | the Orb.
     0 | D:1      | Reached XP level 1. HP: 13/13 MP: 3/3
   383 | D:1      | Reached XP level 2. HP: 18/18 MP: 3/5
   611 | D:1      | Reached skill level 3 in Transmutations
  1224 | D:2      | Reached XP level 3. HP: 21/23 MP: 2/6
  1291 | D:2      | Found Jifux's Antique Armour Shoppe.
  1316 | D:2      | Found Susepac's Armour Emporium.
  1340 | D:2      | Found Qeil Nal's Antique Armour Shoppe.
  1373 | D:2      | Found Qyrphem's Weapon Shoppe.
  1386 | D:2      | Learned a level 3 spell: Spider Form
  1389 | D:2      | Learned a level 2 spell: Wereblood
  1406 | D:2      | Reached skill level 4 in Transmutations
  1446 | D:2      | Identified the +6 hammer "Hydra's Curse" {vorpal, rElec
                  | rF+}
  1495 | D:2      | Found a runed translucent door.
  1579 | D:2      | Noticed Terence
  1598 | D:2      | Killed Terence
  1599 | D:2      | Reached XP level 4. HP: 15/28 MP: 1/7
  1809 | D:2      | Noticed Crazy Yiuf
  1996 | D:3      | Found a glowing drain.
  2067 | D:3      | Reached skill level 5 in Transmutations
  2071 | D:3      | Reached XP level 5. HP: 11/33 MP: 0/8
  2083 | Sewer    | Entered a sewer
  2251 | Sewer    | Noticed a kobold brigand
  2266 | Sewer    | Killed a kobold brigand
  2501 | Sewer    | Noticed Pargi
  2536 | Sewer    | Slain by Pargi

Illustrated notes

Levels and vault maps discovered:
D:1:      zaba_arrival_water, layout_basic
D:2:      layout_rooms, serial_shops, shop, nicolae_shop_stone, shop, shop,
          uniq_terence, uniq_crazy_yiuf_cottage
D:3:      layout_loops_ring, gup_sewer_entry_glass,
          dreamdust_ecumenical_altar_angels_and_demons
Sewer:    kennysheep_door_sewer

Skill      XL: |  1  2  3  4 |
---------------+-------------+-----
Transmutations | 3 4 5 |  5.8
Fighting       | |  1.0
Dodging        | |  2.0
Unarmed Combat | |  3.0
Spellcasting   | |  2.0

Action                   |  1- 3 |  4- 6 || total
-------------------------+-------+-------++-------
Melee: Unarmed           |    35 |    34 ||    69
       Constrict         |    19 |     4 ||    23
       Kick              |    14 |       ||    14
       Tentacles         |     8 |     7 ||    15
       Short sword       |    26 |    40 ||    66
       Punch             |     5 |     1 ||     6
 Cast: Beastly Appendage |    21 |     1 ||    22
       Spider Form       |     1 |     3 ||     4
       Wereblood         |     1 |     3 ||     4
  Use: Scroll            |       |     4 ||     4
       Potion            |       |     2 ||     2
 Stab: Sleeping          |     2 |     5 ||     7
Armor: Skin              |     3 |    44 ||    47
Dodge: Dodged            |    30 |    45 ||    75
